 Dungeon Crawl Stone Soup version 0.28.0 (webtiles) character file.

Game seed: 6088990531845338014

10500 Illumine the Summoner (level 11, -3/52 HPs)
             Began as a Felid Summoner on Feb 6, 2022.
             Was an Initiate of Gozag.
             Slain by a black bear (9 damage)
             ... on level 3 of the Lair of Beasts on Feb 7, 2022.
             The game lasted 01:03:10 (19111 turns).

Illumine the Summoner (Felid Summoner)             Turns: 19111, Time: 01:03:10

Health: -3/52      AC:  2    Str:  4    XL:     11   Next: 37%
Magic:  3/18       EV: 25    Int: 27    God:    Gozag
Gold:   1139       SH:  0    Dex: 17    Spells: 4/18 levels left
                                        Lives:  0   Deaths: 2

rFire   + . .      SeeInvis +   (weapon unavailable)
rCold   . . .      Faith    .   (shield unavailable)
rNeg    . . .      Spirit   .   (armour unavailable)
rPois   .          Reflect  .   (helmet unavailable)
rElec   .          Harm     .   (cloak unavailable)
rCorr   .          Rampage  .   (gloves unavailable)
Will    +....                   (boots unavailable)
Stlth   ++........              (no amulet)
HPRegen 0.17/turn               n - ring of protection from fire
MPRegen 0.16/turn               B - +6 ring of intelligence

@: frozen, gold aura, slow
A: very small, claws 1, fangs 3, see invisible, speed 1, shaggy fur 2, stealthy
paws, no weapons or thrown items, no armour, multi-lived
a: Renounce Religion, Potion Petition, Call Merchant, Bribe Branch


You were on level 3 of the Lair of Beasts.
You worshipped Gozag.
Gozag was most pleased with you.
You visited 3 branches of the dungeon, and saw 14 of its levels.
You also visited: Ossuary.

You collected 2496 gold pieces.
You spent 702 gold pieces at shops.
You paid 655 gold pieces to Gozag.

Inventory:

Hand Weapons
 w - the +1 falchion "Raisin" {venom, rElec Will+++ Int-2 SInv}
   (You found it on level 5 of the Dungeon)

   It poisons the flesh of those it strikes.
   Int:       It affects your intelligence (-2).
   rElec:     It insulates you from electricity.
   SInv:      It lets you see invisible.
   Will:      It greatly increases your willpower.
Jewellery
 b - a +4 ring of protection
 j - a +4 ring of slaying
 n - a ring of protection from fire (left paw)
 B - a +6 ring of intelligence (right paw)
Wands
 r - a wand of acid (1)
 x - a wand of iceblast (13)
 C - a wand of flame (9)
Scrolls
 a - a scroll of noise {unknown}
 d - 4 scrolls of magic mapping
 e - a scroll of acquirement {unknown}
 h - 4 scrolls of immolation
 i - 4 scrolls of fog {unknown}
 l - 2 scrolls of teleportation {unknown}
 q - 3 scrolls of holy word {unknown}
 s - a scroll of fear {unknown}
 u - 3 scrolls of torment {unknown}
 y - a scroll of vulnerability {unknown}
 z - a scroll of enchant armour {unknown}
 D - 2 scrolls of silence {unknown}
 F - a scroll of amnesia {unknown}
Potions
 c - 2 potions of berserk rage {unknown}
 f - 4 potions of might
 g - 4 potions of resistance
 k - 3 potions of curing
 m - a potion of invisibility {unknown}
 o - 2 potions of brilliance {unknown}
 p - 5 potions of attraction
 t - 3 potions of magic
 v - 2 potions of lignification
 A - a potion of heal wounds
 E - 2 potions of flight {unknown}
 G - a potion of mutation {unknown}


   Skills:
 + Level 8.5 Fighting
 + Level 11.4 Dodging
 - Level 2.6 Stealth
 - Level 4.0 Spellcasting
 - Level 5.0 Hexes
 + Level 12.5 Summonings
 + Level 9.8 Air Magic


You had 4 spell levels left.
You knew the following spells:

 Your Spells              Type           Power      Damage    Failure   Level
a - Summon Small Mammal   Summ           100%       N/A       1%          1
b - Call Imp              Summ           64%        N/A       1%          2
c - Call Canine Familiar  Summ           64%        N/A       1%          3
d - Apportation           Tloc           10%        N/A       8%          1
e - Summon Guardian Gole  Hex/Summ       51%        N/A       1%          3
f - Summon Lightning Spi  Summ/Air       60%        N/A       1%          4

Your spell library contained the following spells:

 Spells                   Type           Power      Damage    Failure   Level
 Corpse Rot               Necr/Air       62%        N/A       1%          2
 Poisonous Vapours        Pois/Air       62%        N/A       1%          2
 Pain                     Necr           20%        1d5       8%          1
 Sandblast                Erth           10%        2d5       8%          1
 Passwall                 Tmut/Erth      4%         N/A       12%         2
 Stone Arrow              Conj/Erth      10%        3d7       24%         3
 Agony                    Necr           5%         N/A       91%         5
 Alistair's Intoxication  Tmut/Pois      3%         N/A       91%         5
 Excruciating Wounds      Necr           Unusable   N/A       N/A         5

Dungeon Overview and Level Annotations

Branches:
Dungeon (10/15)            Temple (1/1) D:5            Lair (3/6) D:8
  Snake (0/4) Lair:2      Ossuary (visited)
  Swamp: Lair:2-4    Shoals: Lair:2-4       Orc: D:9-12

Altars:
Dithmenos
Elyvilon
Fedhas
Gozag
Hepliaklqana
Kikubaaqudgha
Qazlal
Sif Muna
Trog
Uskayaw
Vehumet
Wu Jian
Xom
Yredelemnul
Zin
The Shining One

Shops:
D:8 =(

Annotations:
D:3 exclusion: oklob plant
D:4 2 runed translucent doors, Edmund
D:10 Nergalle
Lair:3 Sonja


Innate Abilities, Weirdness & Mutations

You have sharp claws.
You have razor-sharp teeth.
You have supernaturally acute eyesight. (SInv)
You cover ground quickly. (Speed+)
You are covered in thick fur. (AC +2)
Your paws help you pounce on unaware monsters.
You are incapable of wielding weapons or throwing items.
You cannot wear armour.
You gain extra lives every three experience levels.


Message History

You resist.
Unknown command.
Okay, then.
Casting: Call Canine Familiar (safe; 1% risk of failure)
Confirm with . or Enter, or press ? or * to list all spells.
Okay, then.
Okay, then.
Okay, then.
Casting: Call Canine Familiar (safe; 1% risk of failure)
Confirm with . or Enter, or press ? or * to list all spells.
Okay, then.
The rime drake completely misses you. The black bear completely misses you.
The black bear barely misses you. The black bear misses you.
Your warg bites the rime drake.
The black bear closely misses you. The black bear misses you.
The black bear claws you.
Sonja mumbles some strange words.
Sonja blinks!
The black bear bites you but does no damage.
The black bear misses you. The black bear closely misses you.
The rime drake breathes ice at you. The flash freeze hits you!!
* * * LOW HITPOINT WARNING * * *
You are encased in ice.
Your warg bites the rime drake!
The black bear misses you. The black bear claws you.
* * * LOW HITPOINT WARNING * * *
The black bear closely misses you.
Sonja hits your guardian golem with a +2 short sword of venom.
Flame seeps out of your guardian golem.
Sonja hits your guardian golem with a +2 short sword of venom.
Flame seeps out of your guardian golem.
Sonja hits your guardian golem with a +2 short sword of venom.
Flame seeps out of your guardian golem.
There is a stone staircase leading up here.
You see here 11 gold pieces.
The black bear rages.
The black bear bites you!
You die...
Your body crumbles into a pile of gold.

#.........
#........
##.......
#....+..# ##
#....#..#
...##......#
..........#
#..#$@.$# #.$hk.+
#.9#K.# $
#...h##.##
##.......#
#............
............ยง...
$
.....######.#.P..
..... ####..


You could see a rime drake (catching breath, ally target), Sonja, a black bear
(berserk), a friendly guardian golem (summoned, inner flame) and a friendly warg
(summoned, sheltered).

Vanquished Creatures
  An adder zombie (Ossuary)
  4 bats
  A rat zombie (Ossuary)
6 creatures vanquished.

Vanquished Creatures (collateral kills)
  A hydra (Lair:1)
  An ugly thing (D:7)
  An elephant (D:8)
  3 komodo dragons
  4 cane toads
  An efreet (D:9)
  3 rime drakes (Lair:2)
  A polar bear (Lair:1)
  Grinder (D:4)
  5 blink frogs
  Sigmund (D:4)
  A wyvern (Lair:2)
  32 yaks
  A naga (Lair:2)
  8 water moccasins
  An orc warrior (D:8)
  5 black bears
  A necrophage (D:6)
  3 centaurs
  4 wolves (Lair:1)
  3 ogres
  An elf zombie (Ossuary)
  4 kobold brigands
  4 bullfrogs
  2 gnoll sergeants
  A wyvern zombie (D:7)
  A water moccasin zombie (D:5)
  A water moccasin skeleton (D:6)
  Dowan (D:7)
  11 killer bees
  A howler monkey (D:7)
  3 centaur zombies
  2 bullfrog zombies
  3 hounds
  A human zombie (Ossuary)
  2 bullfrog skeletons
  4 orc priests
  2 centaur skeletons
  3 iguanas
  Ijyb (D:3)
  5 orc wizards
  A killer bee zombie (D:7)
  3 ogre zombies (Ossuary)
  A hound zombie (D:5)
  6 mummies
  A howler monkey zombie (D:5)
  4 adders
  13 gnolls
  A shadow imp (D:7)
  3 adder zombies (Ossuary)
  An adder skeleton (D:4)
  A dart slug (D:5)
  17 orcs
  7 endoplasms
  6 giant cockroaches
  6 hobgoblins
  9 jackals
  3 quokkas
  12 ball pythons
  5 bats
  5 frilled lizards
  7 goblins
  5 goblin zombies (Ossuary)
  4 hobgoblin zombies (Ossuary)
  30 kobolds
  2 kobold zombies (Ossuary)
  2 quokka zombies (Ossuary)
  11 rats
  5 rat zombies (Ossuary)
305 creatures vanquished.

Vanquished Creatures (others)
  A hydra (Lair:1)
  Joseph (D:8)
  A cane toad (Lair:1)
  A troll (D:9)
  3 yaks
  3 basilisks
  A wyvern (D:9)
  A water moccasin (Lair:3)
  Duvessa (D:7)
  4 black bears
  An ogre (D:4)
  2 centaurs (D:9)
  A wyvern skeleton (D:5)
  A centaur zombie (Ossuary)
  A centaur skeleton (D:7)
  2 iguanas
  2 mummies (Ossuary)
  A gnoll (D:7)
  9 fungi
  11 plants
  5 toadstools (D:6)
53 creatures vanquished.

Grand Total: 364 creatures vanquished

Notes
Turn   | Place    | Note
-------+----------+-------------------------------------------
     0 | D:1      | Illumine the Felid Summoner began the quest for the Orb.
     0 | D:1      | Reached XP level 1. HP: 7/7 MP: 4/4
   581 | D:1      | Reached XP level 2. HP: 11/11 MP: 3/6
   608 | D:1      | Learned a level 2 spell: Call Imp
  1385 | D:2      | Reached XP level 3. HP: 14/14 MP: 5/7
  1636 | D:2      | Learned a level 3 spell: Call Canine Familiar
  1702 | D:2      | Reached skill level 5 in Summonings
  2274 | D:2      | Reached XP level 4. HP: 18/18 MP: 9/9
  2447 | D:2      | Learned a level 1 spell: Apportation
  2707 | D:2      | Found a faded altar of an unknown god.
  3209 | D:3      | Found a radiant altar of Vehumet.
  3585 | D:3      | Noticed Ijyb
  3614 | D:3      | Killed Ijyb
  3615 | D:3      | Reached XP level 5. HP: 21/21 MP: 3/11
  3991 | D:3      | Found a blossoming altar of Fedhas.
  4015 | D:3      | Noticed an oklob plant
  4344 | D:3      | Learned a level 3 spell: Summon Guardian Golem
  4598 | D:4      | Found a sand-covered staircase.
  4599 | D:4      | Noticed an ogre
  4623 | D:4      | Noticed Grinder
  4643 | D:4      | Noticed Sigmund
  4706 | D:4      | Killed Sigmund
  4707 | D:4      | Reached skill level 5 in Hexes
  4707 | D:4      | Reached skill level 6 in Summonings
  4707 | D:4      | Gained mutation: You are covered in thick fur. (AC +2)
                  | [Felid growth]
  4707 | D:4      | Reached XP level 6. HP: 24/24 MP: 5/12
  4782 | Ossuary  | Entered an ossuary
  5076 | Ossuary  | Reached XP level 7. HP: 24/27 MP: 10/13
  5279 | Ossuary  | Learned a level 4 spell: Summon Lightning Spire
  5720 | Ossuary  | Reached skill level 1 in Air Magic
  6023 | Ossuary  | Reached skill level 7 in Summonings
  6592 | D:4      | Noticed Edmund
  6603 | D:4      | Found a large runed translucent door.
  6604 | D:4      | Found a large runed translucent door.
  6669 | D:4      | Reached XP level 8. HP: 31/31 MP: 12/15
  6725 | D:5      | Entered Level 5 of the Dungeon
  6729 | D:5      | Found a staircase to the Ecumenical Temple.
  6753 | Temple   | Entered the Ecumenical Temple
  6806 | Temple   | Became a worshipper of Gozag Ym Sagoz the Greedy
  7087 | D:5      | Identified the +1 falchion "Raisin" {venom, rElec Will+++
                  | Int-2 SInv}
  7105 | D:5      | Reached skill level 8 in Summonings
  7515 | D:5      | Found a basalt altar of Yredelemnul.
  7878 | D:6      | Reached skill level 5 in Air Magic
  8051 | D:6      | Reached skill level 9 in Summonings
  8254 | D:6      | Found a bloodstained altar of Trog.
  8821 | D:7      | Reached XP level 9. HP: 34/34 MP: 8/16
  9014 | D:7      | Reached skill level 1 in Fighting
  9411 | D:7      | Noticed Dowan
  9583 | D:4      | Killed Grinder
  9670 | D:4      | Found a hide-covered altar of Uskayaw.
 10185 | D:7      | Noticed a green ugly thing
 10226 | D:7      | Killed a green ugly thing
 10227 | D:7      | Reached skill level 5 in Dodging
 10227 | D:7      | Reached skill level 10 in Summonings
 10337 | D:7      | Noticed an unseen horror
 10815 | D:7      | Identified the +2 ring mail of the Realm of Zot {rF+}
 11176 | D:8      | Found Byph's Antique Weapon Boutique.
 11200 | D:8      | Reached XP level 10. HP: 42/42 MP: 6/17
 11339 | D:8      | Noticed Joseph
 11373 | D:7      | Noticed Duvessa
 11392 | D:7      | Killed Duvessa
 11474 | D:7      | Killed Dowan
 11589 | D:8      | Found a staircase to the Lair.
 11589 | D:8      | Noticed an elephant
 11844 | D:8      | Killed an elephant
 12071 | Lair:1   | Entered Level 1 of the Lair of Beasts
 12094 | Lair:1   | Noticed an eight-headed hydra
 12107 | Lair:1   | Killed an eight-headed hydra
 12108 | Lair:1   | Reached skill level 5 in Fighting
 13489 | D:9      | Reached skill level 11 in Summonings
 13802 | D:8      | Bought a +6 ring of intelligence for 702 gold pieces
 13957 | D:8      | Killed Joseph
 13958 | D:8      | Reached XP level 11. HP: 26/48 MP: 9/18
 14121 | D:9      | Slain by an efreet
 14122 | D:9      | Reached XP level 10. HP: -2/45 MP: 11/17
 15503 | D:10     | Entered Level 10 of the Dungeon
 15503 | D:10     | Noticed Nergalle
 16185 | Lair:1   | Noticed a cane toad
 16201 | Lair:1   | Noticed a cane toad
 16205 | Lair:1   | Killed a cane toad
 16206 | Lair:1   | Reached XP level 11. HP: 50/50 MP: 8/18
 16378 | D:8      | Reached skill level 10 in Dodging
 16717 | Lair:1   | Slain by a cane toad
 16718 | Lair:1   | Reached XP level 10. HP: -5/47 MP: 10/17
 16882 | Lair:1   | Killed a cane toad
 16974 | Lair:1   | Noticed a seven-headed hydra
 16995 | Lair:1   | Killed a seven-headed hydra
 16996 | Lair:1   | Reached skill level 12 in Summonings
 17924 | Lair:2   | Reached XP level 11. HP: 51/51 MP: 10/18
 18401 | Lair:2   | Found a staircase to the Snake Pit.
 19102 | Lair:3   | Noticed Sonja
 19111 | Lair:3   | Slain by a black bear

Illustrated notes

Levels and vault maps discovered:
D:1:      onia_arrival_mini_maze_b, layout_basic
D:2:      layout_loops_cross, hellmonk_ecumenical_altar_crossroads,
          hangedman_feature_mirror, corexii_item_surrounded_by_moat,
          minmay_three_crescents
D:3:      layout_loops_cross, nicolae_vehumet_radiance, tgw_fedhas,
          minmay_misc_feat_rugged, uniq_ijyb
D:4:      layout_rooms, jmf_multi_god_temple2, nicolae_uskayaw_dance_hall,
          gup_ossuary_entry_pyramid, amcnicky_mini_rare_corridor_liquid,
          uniq_sigmund, uniq_grinder, uniq_edmund
D:5:      layout_cave_pools, nicolae_yredelemnul_corpse_copse,
          minmay_temple_entry_grid
D:6:      layout_loops_ring, bloody_trog, minmay_gold_behind_fungi
D:7:      nzn_winding_woodlands_stair_cross
          [nzn_winding_woodlands_5x15_pathside_ponds,
          nzn_winding_woodlands_center_triple_pond,
          nzn_winding_woodlands_5x15_zeroes,
          nzn_winding_woodlands_5x5_closed_star,
          nzn_winding_woodlands_hourglass,
          nzn_winding_woodlands_5x15_river_crossing,
          nzn_winding_woodlands_center_lodge, nzn_winding_woodlands_5x15_twine],
          layout_basic, minivault_14, uniq_duvessa
D:8:      layout_basic, david_lair_generic, serial_shops, shop, uniq_joseph
D:9:      layout_long_grid
D:10:     layout_layer_cave, orc_0_dummy, hellmonk_scale_shop, uniq_nergalle
Temple:   regret_index_temple_waves
Lair:1:   layout_hall_layers, beast_lair_carwin_10
Lair:2:   layout_regular_city, guppyfry_snake_entry_garden,
          portal_ice_cave_rime, infiniplex_staircase_pool
Lair:3:   beast_lair_carwin_large_3, layout_chaotic_city, uniq_sonja

Skill      XL: |  1  2  3  4  5  6  7  8  9 10 11 |
---------------+----------------------------------+-----
Summonings     | 5 6 7 9 10 12 | 12.5
Spellcasting   | 3 4 |  4.0
Hexes          | 5 |  5.0
Air Magic      | 3 5 6 8 9 |  9.8
Fighting       | 3 8 |  8.5
Dodging        | 6 9 11 | 11.4
Stealth        | |  2.6

Action                   |  1- 3 |  4- 6 |  7- 9 | 10-12 || total
-------------------------+-------+-------+-------+-------++-------
Melee: Unarmed           |    16 |    16 |    12 |     2 ||    46
       Bite              |     2 |     1 |     2 |       ||     5
       Punch             |       |     1 |       |       ||     1
 Cast: Summon Small Mamm |    36 |    15 |     3 |       ||    54
       Call Imp          |    19 |    19 |    16 |     3 ||    57
       Call Canine Famil |     4 |    21 |    48 |    42 ||   115
       Apportation       |       |     1 |       |       ||     1
       Summon Guardian G |       |     7 |    27 |    51 ||    85
       Summon Lightning  |       |       |    29 |    62 ||    91
Invok: Call Merchant     |       |       |       |     1 ||     1
  Use: Scroll            |       |       |     7 |     1 ||     8
Armor: Skin              |     9 |     6 |    15 |     8 ||    38
Dodge: Dodged            |    65 |    44 |   104 |   124 ||   337
